 Dungeon Crawl Stone Soup version 0.22-a0-521-gb1378044ac (webtiles) character file.

145 Kaname the Conjurer (level 5, 14/35 HPs)
             Began as a Demonspawn Wizard on June 20, 2018.
             Quit the game on level 4 of the Dungeon.
             The game lasted 00:05:24 (2357 turns).

Kaname the Conjurer (Demonspawn Wizard)             Turns: 2357, Time: 00:05:24

Health: 14/35      AC:  2    Str:  8    XL:     5   Next: 6%
Magic:  3/9        EV: 12    Int: 20    God:
Gold:   93         SH:  0    Dex: 13    Spells: 4/10 levels left

rFire    + . .     SeeInvis .   o - +2 quarterstaff (chaos)
rCold    . . .     Gourm    .   (shield currently unavailable)
rNeg     . . .     Faith    .   a - +0 robe
rPois    .         Spirit   .   b - +0 hat
rElec    .         Reflect  .   q - -1 cloak (curse)
rCorr    .         Harm     .   (no gloves)
MR       .....                  (no boots)
Stlth    ++........             (no amulet)
HPRegen  1.11/turn              h - ring of protection from fire
MPRegen  0.11/turn              (no ring)

@: no status effects
A: antennae 1, thin skeletal structure 1, powered by death 1
a: no special abilities


You were on level 4 of the Dungeon.
You were not hungry.

You visited 1 branch of the dungeon, and saw 4 of its levels.

You collected 93 gold pieces.

Inventory:

Hand Weapons
 m - a +1 whip of venom
 o - a +2 quarterstaff of chaos (weapon)
Missiles
 e - 8 javelins (quivered)
 s - 19 arrows
Armour
 a - a +0 robe (worn)
 b - a +0 hat (worn)
 q - a cursed -1 cloak (worn)
Jewellery
 h - a ring of protection from fire (left hand)
 v - an uncursed amulet of faith {unknown}
Wands
 t - a wand of disintegration (8)
 u - a wand of polymorph (20)
Scrolls
 f - 9 scrolls of identify {unknown}
 i - 3 scrolls of fog {unknown}
 l - 2 scrolls of enchant weapon {unknown}
 n - a scroll of amnesia {unknown}
 r - 2 scrolls of blinking {unknown}
 y - a scroll of magic mapping {unknown}
Potions
 c - a potion of flight {unknown}
 g - 3 potions of curing {unknown}
 j - a potion of haste {unknown}
 k - 3 potions of degeneration {unknown}
 p - a potion of might {unknown}
 w - a potion of invisibility {unknown}
 x - a potion of mutation {unknown}
Comestibles
 d - 6 rations


   Skills:
 - Level 1.7 Dodging
 - Level 1.7 Stealth
 - Level 3.0 Spellcasting
 + Level 5.0 Conjurations
   Level 1.0 Summonings
 - Level 0.8 Translocations


You had 4 spell levels left.
You knew the following spells:

 Your Spells              Type           Power        Failure   Level  Hunger
a - Magic Dart            Conj           ###.         1%          1    None
b - Blink                 Tloc           N/A          16%         2    ##.....
c - Mephitic Cloud        Conj/Pois/Air  #.......     22%         3    ###....

Your spell library contained the following spells:

 Spells                   Type           Power        Failure   Level  Hunger
 Cause Fear               Hex            #.........   80%         4    ####...
 Conjure Flame            Conj/Fire      ##......     16%         3    ###....
 Bolt of Fire             Conj/Fire      ##........   100%        6    #######
 Slow                     Hex            #.......     22%         2    ##.....
 Call Imp                 Summ           #.......     14%         2    ##.....
 Dragon Form              Tmut           #.........   100%        7    #######
 Flame Tongue             Conj/Fire      ##...        4%          1    None
 Dragon's Call            Summ           #.........   100%        9    #######


Dungeon Overview and Level Annotations

Branches:
Dungeon (4/15)
 Temple: D:4-7

Altars:
Makhleb
Okawaru


Innate Abilities, Weirdness & Mutations

You have a pair of small antennae on your head.
You have a somewhat thin skeletal structure. (Dex +2, Stealth)
You regenerate a little health from kills.


Message History

Aiming: Magic Dart (safe; 2% risk of failure)
Press: ? - help, Shift-Dir - straight line, f/p - hound
Aim: a hound (moderately wounded)
The magic dart hits the hound.
The hound is severely wounded.
The hound bites you. The hound barely misses you.
You are too injured to fight recklessly!
You are too injured to fight recklessly!
Casting: Magic Dart (safe; 2% risk of failure)
Confirm with . or Enter, or press ? or * to list all spells.
Aiming: Magic Dart (safe; 2% risk of failure)
Press: ? - help, Shift-Dir - straight line, f/p - hound
Aim: a hound (severely wounded)
The magic dart hits the hound.
You kill the hound!
Your Conjurations skill increases to level 5!
You have reached level 5!
Your demonic ancestry asserts itself...
Your bones become slightly less dense.
Are you sure you want to abandon this character and quit the game? (Confirm with "yes".)

### #######
[...##.....##
............##
........†....#
.......@.....#
.............#
.............#
.............#
.............#
............##
....##.....##
##.. #######


There were no monsters in sight!

Vanquished Creatures
  A hound (D:4)
  Crazy Yiuf (D:2)
  3 adders
  A dart slug (D:2)
  5 leopard geckos
  6 goblins
  5 hobgoblins (D:2)
  6 jackals
  7 bats
  3 frilled lizards
  5 kobolds
  8 rats
51 creatures vanquished.

Notes
Turn   | Place    | Note
-------+----------+-------------------------------------------
     0 | D:1      | Kaname the Demonspawn Wizard began the quest for the Orb.
     0 | D:1      | Reached XP level 1. HP: 13/13 MP: 4/4
   300 | D:1      | Reached skill level 2 in Conjurations
   463 | D:1      | Gained mutation: You regenerate a little health from kills. [demonic ancestry]
   463 | D:1      | Reached XP level 2. HP: 19/19 MP: 1/6
  1043 | D:2      | Reached skill level 3 in Conjurations
  1065 | D:2      | Gained mutation: You have a pair of small antennae on your head. [demonic ancestry]
  1065 | D:2      | Reached XP level 3. HP: 24/24 MP: 2/7
  1111 | D:2      | Found an iron altar of Okawaru.
  1113 | D:2      | Found a burning altar of Makhleb.
  1206 | D:2      | Learned a level 2 spell: Blink
  1210 | D:2      | Learned a level 3 spell: Mephitic Cloud
  1408 | D:2      | Found a runed door.
  1831 | D:2      | Noticed Crazy Yiuf
  1839 | D:2      | Killed Crazy Yiuf
  1839 | D:2      | Reached skill level 4 in Conjurations
  1839 | D:2      | Reached XP level 4. HP: 30/30 MP: 0/8
  2356 | D:4      | Reached skill level 5 in Conjurations
  2356 | D:4      | Gained mutation: You have a somewhat thin skeletal structure. (Dex +2, Stealth) [demonic ancestry]
  2356 | D:4      | Reached XP level 5. HP: 13/35 MP: 3/9
  2357 | D:4      | Quit the game

Vault maps used:
D:1:      dpeg_arrival_rooms_with_view
D:2:      chequers_temple_overflow_statue_of_worship, first_ration,
          grunt_ministairs_2, uniq_crazy_yiuf_cottage
D:4:      portal_sewer_entry_a, due_unseen_surprise

Skill      XL: |  1  2  3  4 |
---------------+-------------+-----
Conjurations   | 2 3 4 5 |  5.0
Dodging        | |  1.7
Stealth        | |  1.7
Spellcasting   | |  3.0
Summonings     | |  1.0
Translocations | |  0.8

Action                   |  1- 3 |  4- 6 || total
-------------------------+-------+-------++-------
Melee: Unarmed           |     2 |       ||     2
       Whip              |     5 |       ||     5
       Quarterstaff      |       |     8 ||     8
Throw: Javelin           |     4 |       ||     4
 Cast: Magic Dart        |    79 |    19 ||    98
       Mephitic Cloud    |     1 |       ||     1
 Stab: Petrifying        |       |     1 ||     1
  Eat: Chunk             |     3 |     1 ||     4
Armor: Robe              |     7 |     2 ||     9
Dodge: Dodged            |    10 |    13 ||    23

Table legend:
 A = Spawn XP
 B = Non-spawn XP
 C = Spawn XP percentage of total XP
 D = Spawn monster count
 E = Non-spawn monster count
 F = Spawn count percentage of total count
 G = Total turns spent on level
                    A         B        C        D         E        F      G
               +---------+---------+-------+---------+---------+-------+---------
         Total |       0 |     208 |   0.0 |       0 |      51 |   0.0 |  2357
               +---------+---------+-------+---------+---------+-------+---------
           D:1 |       0 |      28 |   0.0 |       0 |      16 |   0.0 |   865
           D:2 |       0 |      94 |   0.0 |       0 |      26 |   0.0 |  1005
           D:3 |       0 |      38 |   0.0 |       0 |       7 |   0.0 |   477
           D:4 |       0 |      48 |   0.0 |       0 |       2 |   0.0 |    10
               +---------+---------+-------+---------+---------+-------+---------
